 Dungeon Crawl Stone Soup version 0.28.0 (webtiles) character file.

Game seed: 11159343655109713285

885 spaghetti the Summoner (level 7, 27/27 HPs)
             Began as a Felid Summoner on Feb 18, 2022.
             Was a Believer of Vehumet.
             Quit the game on level 7 of the Dungeon.
             The game lasted 00:28:54 (10703 turns).

spaghetti the Summoner (Felid Summoner)            Turns: 10703, Time: 00:28:55

Health: 27/27      AC:  2    Str:  4    XL:     7   Next: 76%
Magic:  18/18      EV: 21    Int: 20    God:    Vehumet [**....]
Gold:   263        SH:  0    Dex: 17    Spells: 3/20 levels left
                                        Lives:  0   Deaths: 2

rFire   . . .      SeeInvis +   (weapon unavailable)
rCold   . . .      Faith    .   (shield unavailable)
rNeg    . . .      Spirit   .   (armour unavailable)
rPois   .          Reflect  .   (helmet unavailable)
rElec   .          Harm     .   (cloak unavailable)
rCorr   .          Rampage  .   (gloves unavailable)
Will    +....                   (boots unavailable)
Stlth   ++........              (no amulet)
HPRegen 0.09/turn               (no ring)
MPRegen 0.16/turn               (no ring)

@: quick
A: very small, claws 1, fangs 3, see invisible, speed 1, shaggy fur 2, stealthy
paws, no weapons or thrown items, no armour, multi-lived
a: Renounce Religion


You were on level 7 of the Dungeon.
You worshipped Vehumet.
Vehumet was pleased with you.
You visited 1 branch of the dungeon, and saw 7 of its levels.

You collected 263 gold pieces.

Inventory:

Jewellery
 h - a ring of magical power
Wands
 b - a wand of polymorph (7)
 c - a wand of acid (11)
 e - a wand of flame (29)
 g - a wand of mindburst (2)
Potions
 a - 2 potions of might
 i - a potion of ambrosia {unknown}


   Skills:
 + Level 7.6 Dodging
 - Level 2.6 Stealth
 - Level 7.0 Spellcasting
 - Level 4.0 Conjurations
 + Level 8.2 Summonings
 - Level 4.0 Ice Magic


You had 3 spell levels left.
You knew the following spells:

 Your Spells              Type           Power      Damage    Failure   Level
a - Summon Small Mammal   Summ           100%       N/A       1%          1
b - Call Imp              Summ           39%        N/A       1%          2
c - Call Canine Familiar  Summ           39%        N/A       1%          3
d - Hailstorm             Conj/Ice       23%        3d7       19%         4
e - Summon Lightning Spi  Summ/Air       23%        N/A       17%         4
f - Summon Guardian Gole  Hex/Summ       23%        N/A       5%          3

Your spell library contained the following spells:

 Spells                   Type           Power      Damage    Failure   Level
 Dazzling Flash           Conj/Hex       30%        N/A       12%         3
 Freeze                   Ice            92%        1d10      1%          1
 Frozen Ramparts          Ice            46%        1d6       5%          3
 Tukima's Dance           Hex            7%         N/A       28%         3
 Passage of Golubria      Tloc           7%         N/A       67%         4
 Yara's Violent Unravell  Hex/Tmut       3%         3d4       95%         5


Dungeon Overview and Level Annotations

Branches:
Dungeon (7/15)             Temple (0/1) D:7

Altars:
Qazlal
Vehumet

Shops:
D:4 [

Annotations:
D:2 exclusion: door
D:6 Maggie


Innate Abilities, Weirdness & Mutations

You have sharp claws.
You have razor-sharp teeth.
You have supernaturally acute eyesight. (SInv)
You cover ground quickly. (Speed+)
You are covered in thick fur. (AC +2)
Your paws help you pounce on unaware monsters.
You are incapable of wielding weapons or throwing items.
You cannot wear armour.
You gain extra lives every three experience levels.


Message History

You feel your power returning.
The hail pelts the hobgoblin!
You kill the hobgoblin!
Vehumet accepts your kill.
You feel your power returning. The hail pelts your crimson imp!
Your crimson imp is frozen!
Your crimson imp is severely wounded.
Your crimson imp disappears in a puff of smoke!
Unknown command.
Unknown command.
There is an open door here.
Things that are here:
a +0 dagger; a goblin corpse You swap places.
There is an open door here.
You see here a +0 scimitar.
There is an open door here.
You open the door.
An ice beast comes into view.
An ice beast is nearby!
There is an open door here.
The ice beast hits you but does no damage.
Casting: Hailstorm (extremely dangerous; 19% risk of failure)
Confirm with . or Enter, or press ? or * to list all spells.
A beastly little devil appears in a puff of flame.
The ice beast hits you. The ice beast freezes you!
Unknown command.
You scratch the ice beast but do no damage.
Your hound bites the ice beast but does no damage.
The ice beast misses you.
Your hound bites the ice beast but does no damage.
You barely miss the ice beast. The ice beast hits you.
The ice beast freezes you!
You die...
You are now level 7!
You rejoin the land of the living...
Unknown command.
Welcome back, spaghetti the Felid Summoner.
Vehumet says: Let it end in hellfire!
Press ? for a list of commands and other information.
Are you sure you want to abandon this character and quit the game? (Confirm with "yes".)

# ##### #.######( #
#...#######.....##. #####
#....(......##...#. .....
#...#######.#...... ##### ##.##
#.##...#. . . #.# #...(.... .#.
#.# #####.### ... #.# #.# #.# #@#
##'## #.# #.# ##...## ### #.#
#.#### ##.....# # ##.###.#
#.##.## ##.......
####...##.######.#...####....)...
'............)).........'........
#'####.##.######.#...####........
.....#....## #.##.## ##.......
.....#.....# #.#### ##.....#


There were no monsters in sight!

Vanquished Creatures
  Pikel (D:4)
  A yak (D:5)
  Edmund (D:5)
  An orc warrior (D:6)
  A bullfrog (D:7)
  3 wights (D:7)
  A bullfrog skeleton (D:5)
  A scorpion zombie (D:5)
  An orc wizard (D:6)
  A gnoll (D:6)
  An adder (D:4)
  2 orcs
  2 endoplasms (D:3)
  3 goblins
  2 hobgoblins (D:7)
  A quokka (D:1)
  A ball python (D:2)
  A bat (D:2)
25 creatures vanquished.

Vanquished Creatures (collateral kills)
  Grinder (D:3)
  2 yaks (D:5)
  A sky beast (D:6)
  A necrophage (D:5)
  2 ogres
  A centaur (D:5)
  2 phantoms
  A bullfrog (D:7)
  A scorpion (D:6)
  A gnoll sergeant (D:6)
  2 wights (D:7)
  2 centaur zombies
  2 orc priests
  3 hounds
  Ijyb (D:3)
  Terence (D:2)
  2 iguanas
  An orc wizard (D:6)
  A hound zombie (D:5)
  A mummy (D:4)
  Robin (D:3)
  7 gnolls
  A howler monkey skeleton (D:7)
  An adder (D:2)
  A white imp (D:7)
  2 worms
  17 orcs
  4 ball pythons
  3 endoplasms
  14 goblins
  3 hobgoblins (D:3)
  2 jackals (D:2)
  7 kobolds
  2 bats
  A frilled lizard (D:2)
  A kobold zombie (D:4)
  An orc zombie (D:4)
  2 rats
99 creatures vanquished.

Vanquished Creatures (others)
  A plant (D:7)
1 creature vanquished.

Grand Total: 125 creatures vanquished

Notes
Turn   | Place    | Note
-------+----------+-------------------------------------------
     0 | D:1      | spaghetti the Felid Summoner began the quest for the Orb.
     0 | D:1      | Reached XP level 1. HP: 7/7 MP: 4/4
   250 | D:2      | Reached XP level 2. HP: 11/11 MP: 3/6
   822 | D:2      | Reached skill level 5 in Summonings
   875 | D:2      | Learned a level 2 spell: Call Imp
   895 | D:2      | Found a faded altar of an unknown god.
  1037 | D:2      | Prayed at the altar of an unknown god.
  1037 | D:2      | Became a worshipper of Vehumet
  1037 | D:2      | Reached * piety under Vehumet
  1037 | D:2      | Offered knowledge of Shock by Vehumet.
  1321 | D:2      | Reached XP level 3. HP: 14/14 MP: 3/7
  1397 | D:2      | Noticed Terence
  1488 | D:2      | Killed Terence
  1521 | D:2      | Learned a level 3 spell: Call Canine Familiar
  1689 | D:2      | Reached XP level 4. HP: 18/18 MP: 4/8
  1935 | D:3      | Noticed Grinder
  2036 | D:3      | Noticed Robin
  2273 | D:3      | Paralysed by Grinder for 2 turns
  2288 | D:3      | Paralysed by Grinder for 7 turns
  2317 | D:3      | Killed Grinder
  2318 | D:3      | Reached skill level 7 in Summonings
  2318 | D:3      | Reached XP level 5. HP: 2/21 MP: 0/9
  2318 | D:3      | Gained mutation: You are covered in thick fur. (AC +2)
                  | [Felid growth]
  2318 | D:3      | Reached XP level 6. HP: 3/24 MP: 0/10
  2785 | D:3      | Killed Robin
  3410 | D:3      | Offered knowledge of Static Discharge by Vehumet.
  3482 | D:3      | Reached ** piety under Vehumet
  3519 | D:3      | Noticed Ijyb
  3537 | D:3      | Killed Ijyb
  4452 | D:4      | Noticed Pikel
  4677 | D:4      | Found Jegunem's Antique Armour Emporium.
  4787 | D:4      | Killed Pikel
  4788 | D:4      | Reached skill level 8 in Summonings
  4788 | D:4      | Reached XP level 7. HP: 21/27 MP: 3/14
  4795 | D:4      | Learned a level 4 spell: Hailstorm
  5003 | D:4      | Identified the +4 arbalest "Ceasez" {penet, Int+3 Dex+4}
  5036 | D:4      | Learned a level 4 spell: Summon Lightning Spire
  5206 | D:5      | Entered Level 5 of the Dungeon
  5226 | D:5      | Reached skill level 1 in Conjurations
  5226 | D:5      | Reached skill level 1 in Ice Magic
  5324 | D:5      | Noticed Edmund
  5353 | D:5      | Killed Edmund
  5354 | D:5      | Reached XP level 8. HP: 31/31 MP: 4/16
  5739 | D:4      | Reached skill level 5 in Spellcasting
  6238 | D:5      | Found a stormy altar of Qazlal.
  7449 | D:5      | Reached skill level 5 in Dodging
  8015 | D:6      | Reached XP level 9. HP: 28/34 MP: 14/19
  8224 | D:6      | Offered knowledge of Dazzling Flash by Vehumet.
  8505 | D:6      | Noticed Maggie
  8512 | D:6      | HP: 1/34 [orc priest/divine providence (13)]
  8515 | D:6      | Slain by Maggie
  8516 | D:6      | Reached XP level 8. HP: -3/31 MP: 17/18
  8535 | D:7      | Found a staircase to the Ecumenical Temple.
  9660 | D:7      | Learned a level 3 spell: Summon Guardian Golem
 10702 | D:7      | Slain by an ice beast
 10703 | D:7      | Reached XP level 7. HP: -1/27 MP: 17/18
 10703 | D:7      | Quit the game

Illustrated notes

Levels and vault maps discovered:
D:1:      dpeg_arrival_round_c, layout_basic
D:2:      layout_basic, dreamdust_ecumenical_altar_statues, chequers_garden,
          kennysheep_generic_room_9, uniq_terence
D:3:      layout_loops_corners, uniq_robin, uniq_grinder, uniq_ijyb
D:4:      layout_cave_pools, nicolae_ossuary_entry_giza, serial_shops, shop,
          corexii_hall_statues_t, uniq_pikel
D:5:      layout_layer_cave, nicolae_qazlal_general_emergency, uniq_edmund
D:6:      layout_basic, chequers_serial_rivers_room_b, kennysheep_flooded_box,
          uniq_maggie
D:7:      corexii_shack_village, layout_loops_corners,
          minmay_temple_entry_glass, kennysheep_pointless_box,
          kennysheep_generic_room_8

Skill      XL: |  1  2  3  4  5  6  7  8  9 |
---------------+----------------------------+-----
Summonings     | 5 7 8 |  8.2
Dodging        | 4 7 6 |  7.6
Spellcasting   | 4 7 |  7.0
Conjurations   | 1 3 4 |  4.0
Ice Magic      | 1 3 4 |  4.0
Stealth        | |  2.6

Action                   |  1- 3 |  4- 6 |  7- 9 || total
-------------------------+-------+-------+-------++-------
Melee: Unarmed           |    14 |    40 |    96 ||   150
       Punch             |       |     1 |       ||     1
       Bite              |       |     3 |    10 ||    13
 Cast: Summon Small Mamm |    38 |    14 |    37 ||    89
       Call Imp          |    11 |    15 |    31 ||    57
       Call Canine Famil |       |    18 |    42 ||    60
       Hailstorm         |       |       |    12 ||    12
       Summon Guardian G |       |       |     3 ||     3
Evoke: Wand              |       |     4 |     9 ||    13
  Use: Potion            |       |     2 |     6 ||     8
       Scroll            |       |     1 |     5 ||     6
 Stab: Sleeping          |     1 |       |       ||     1
       Distracted        |       |       |     3 ||     3
Armor: Skin              |     1 |     3 |    11 ||    15
Dodge: Dodged            |    28 |    38 |    82 ||   148
